 Dungeon Crawl Stone Soup version 0.31.0-9-g3a7656b989 (webtiles) character file.

Game seed: 2694444559418581620

23797 qw the Marksdemigod (level 12, -7/104 HPs)
             Began as a Demigod Hunter on Feb 2, 2024.
             Mangled by an eight-headed hydra (9 damage)
             ... on level 3 of the Lair of Beasts.
             The game lasted 00:01:12 (11737 turns).

qw the Marksdemigod (Demigod Hunter)               Turns: 11737, Time: 00:01:12

Health: -7/104     AC: 12    Str: 12    XL:     12   Next: 41%
Magic:  0/15       EV: 24    Int: 11    God:
Gold:   967        SH:  0    Dex: 33    Spells: 11/11 levels left

rFire   + . .        g - +1 arbalest
rCold   + . .        (shield currently unavailable)
rNeg    . . .        s - +2 robe {rC+}
rPois   .            (no helmet)
rElec   .            j - +1 cloak
rCorr   .            e - +2 pair of gloves
SInv    .            i - +2 pair of boots
Will    +....        k - amulet of guardian spirit
Stlth   +++          f - +4 ring of slaying {mikee}
HPRegen 0.37/turn    a - ring of protection from fire
MPRegen 0.14/turn

%: guardian spirit
@: no status effects
A: high MP 1, forlorn, divine attributes
a: no special abilities


You were on level 3 of the Lair of Beasts.
You visited 2 branches of the dungeon, and saw 14 of its levels.

You collected 967 gold pieces.


Innate Abilities, Weirdness & Mutations

You have an increased reservoir of magic. (+10% MP)
You shall have no god before yourself.
Your divine heritage dramatically boosts your attributes as you level up.


   Skills:
 - Level 9.0 Fighting
 - Level 15.1 Ranged Weapons
 - Level 2.0 Armour
 + Level 10.3 Dodging
 - Level 0.8 Stealth


You had 11 spell levels left.
You didn't know any spells.
Your spell library was empty.

Inventory:

Hand Weapons
 g - a +1 arbalest (weapon)
Armour
 e - a +2 pair of gloves (worn)
 i - a +2 pair of boots (worn)
 j - a +1 cloak (worn)
 q - a +3 leather armour
 s - a +2 robe of cold resistance (worn)
Jewellery
 a - a ring of protection from fire (right hand)
 f - a +4 ring of slaying (left hand) {mikee}
 k - an amulet of guardian spirit (around neck)
 o - a ring of ice
 w - an amulet of the acrobat
 Y - a +6 ring of strength
Wands
 n - a wand of charming (7)
 p - a wand of mindburst (12)
 r - a wand of polymorph (9)
 u - a wand of digging (20)
Potions
 b - a potion of might
 d - a potion of resistance
 l - 5 potions of curing
 m - a potion of enlightenment

Dungeon Overview and Level Annotations

Branches:
Dungeon (11/15)            Temple (0/1) D:4            Lair (3/5) D:10
 Spider (0/4) Lair:2          Orc (0/2) D:10
  Swamp: Lair:2-3    Shoals: Lair:2-3

Shops:
D:3 :

Annotations:
D:7 2 transporters
Lair:3 exclusion: hydra, Gastronok


Message History

The eight-headed hydra closely misses you.
The eight-headed hydra misses you.
You shoot a bolt. The bolt hits the eight-headed hydra!
The eight-headed hydra is lightly wounded.
The eight-headed hydra closely misses you.
The eight-headed hydra bites you!
The eight-headed hydra barely misses you. x2
The eight-headed hydra completely misses you.
The eight-headed hydra bites you but does no damage. x2
The eight-headed hydra closely misses you.
You shoot a bolt. The bolt hits the eight-headed hydra!
The eight-headed hydra is moderately wounded.
The eight-headed hydra completely misses you.
The eight-headed hydra barely misses you.
The eight-headed hydra misses you.
The eight-headed hydra completely misses you.
The eight-headed hydra closely misses you.
The eight-headed hydra barely misses you.
The eight-headed hydra completely misses you.
The eight-headed hydra bites you but does no damage.
A six-headed hydra comes into view.
You shoot a bolt. The bolt hits the eight-headed hydra!
The eight-headed hydra is moderately wounded.
The eight-headed hydra closely misses you. x2
The eight-headed hydra misses you.
The eight-headed hydra completely misses you.
The eight-headed hydra bites you!
The eight-headed hydra closely misses you. x3
You shoot a bolt.
The bolt completely misses the eight-headed hydra.
The bolt hits the elephant!!
The elephant is moderately wounded.
The eight-headed hydra completely misses you.
The eight-headed hydra barely misses you.
The eight-headed hydra misses you. The eight-headed hydra bites you. x2
The eight-headed hydra completely misses you.
The eight-headed hydra closely misses you.
The eight-headed hydra completely misses you. x4
The eight-headed hydra misses you. The eight-headed hydra bites you!
You die...

....... .......#
# ..D....###.# .
##.......#.## #
..#..~~~~.....#..
#?#.~#~~........
....¤¤#~.....#
#.~~~~@....#
#¤¤FYD%.#.##
#..#Y##...## #...
#.......# ..
#......##
........#
##.P....#..
7#####.... ...


You could see an eight-headed hydra, a six-headed hydra, 2 elephants and a
bullfrog.

Vanquished Creatures
  A hydra (Lair:2)
  Fannar (D:11)
  A catoblepas (Lair:1)
  A two-headed ogre (D:9)
  4 death yaks
  2 skysharks (Lair:2)
  A lindwurm (Lair:2)
  An oklob plant (Lair:2)
  A cyclops (D:11)
  3 elephants (Lair:3)
  A black mamba (Lair:2)
  9 cane toads
  A torpor snail (Lair:1)
  3 komodo dragons (Lair:2)
  A kobold demonologist (D:10)
  A rime drake (Lair:2)
  Psyche (D:10)
  A polar bear (Lair:1)
  10 blink frogs
  A vampire (D:11)
  5 wyverns
  21 yaks
  A basilisk (Lair:2)
  A steam dragon (D:8)
  Menkaure (D:7)
  2 acid dragons
  13 water moccasins
  A black bear (D:4)
  An ice beast (D:7)
  3 orc warriors
  An ogre (D:5)
  3 centaurs
  A weeping skull (D:4)
  A phantom (D:6)
  5 bullfrogs
  A gnoll sergeant (D:9)
  6 scorpions
  6 killer bees (D:9)
  3 howler monkeys
  3 hounds
  A bombardier beetle (D:4)
  6 jellies
  An orc priest (D:10)
  A sleepcap (D:5)
  7 hell rats (Lair:2)
  3 iguanas
  Terence (D:2)
  11 orc wizards
  5 gnolls (D:9)
  5 adders
  2 shadow imps
  2 white imps
  4 ufetubi (D:6)
  3 ribbon worms
  A dart slug (D:5)
  38 orcs
  3 endoplasms
  8 giant cockroaches
  5 hobgoblins
  7 jackals
  6 quokkas
  3 ball pythons
  7 bats
  2 frilled lizards
  11 goblins
  7 kobolds
  7 rats
  A spectral orc (D:4)
282 creatures vanquished.

Vanquished Creatures (others)
  An orc (D:4)
1 creature vanquished.

Grand Total: 283 creatures vanquished

Notes
Turn   | Place    | Note
-------+----------+-------------------------------------------
     0 | D:1      | qw the Demigod Hunter began the quest for the Orb.
     0 | D:1      | Reached XP level 1. HP: 17/17 MP: 3/3
     0 | D:1      | 0 ||| qw: Version: 0.3-a-155-g5e7d8dd
     0 | D:1      | 0 ||| qw: Game counter: 395
     0 | D:1      | 0 ||| qw: Melee chars always use a shield: true
     0 | D:1      | 0 ||| qw: God list: Okawaru
     0 | D:1      | 0 ||| qw: Allow faded altars: false
     0 | D:1      | 0 ||| qw: Do Orc after clearing Dungeon:15 true
     0 | D:1      | 0 ||| qw: Do second Lair branch before Depths: true
     0 | D:1      | 0 ||| qw: Lair rune preference: random
     0 | D:1      | 0 ||| qw: Goals: Normal
     0 | D:1      | 0 ||| PLANNING D:1-11
   319 | D:1      | Reached skill level 4 in Ranged Weapons
   563 | D:1      | Reached XP level 2. HP: 24/24 MP: 4/4
   683 | D:1      | 683 ||| READING scroll labelled RUEXTE IKHEIHA.
   684 | D:1      | 684 ||| READING scroll labelled ILUSHR KUTSE.
   685 | D:1      | 685 ||| READING scroll labelled TEWOM XUURE.
   689 | D:1      | 689 ||| DROPPING scroll of butterflies.
   790 | D:2      | Noticed Terence
   795 | D:2      | Killed Terence
   796 | D:2      | Reached XP level 3. HP: 29/29 MP: 5/5
  1304 | D:2      | Reached skill level 5 in Ranged Weapons
  1310 | D:2      | 1310 ||| READING scroll labelled BIUHAE VIXZEET.
  1311 | D:2      | 1311 ||| READING scroll labelled WEYGOH LAGAGG.
  1312 | D:2      | 1312 ||| READING scroll labelled FIUSOV MUME.
  1312 | D:2      | 1312 ||| IDENTIFYING fizzy pink potion
  1313 | D:2      | 1313 ||| READING scroll labelled TOIC QINLAQAA.
  1313 | D:2      | 1313 ||| ENCHANTING +0 shortbow.
  1333 | D:3      | 1333 ||| PLANNING SEWER
  1522 | D:3      | Reached XP level 4. HP: 36/36 MP: 6/6
  1813 | D:3      | Found Qoidur's Book Boutique.
  1955 | D:3      | 1955 ||| RIP SEWER
  2013 | D:3      | 2013 ||| PLANNING D:1-11
  2326 | D:3      | 2326 ||| UPGRADING to +0 pair of gloves.
  2331 | D:3      | 2331 ||| UPGRADING to +1 pair of boots.
  2336 | D:3      | 2336 ||| UPGRADING to +0 ring mail.
  2346 | D:3      | 2346 ||| DROPPING +0 leather armour.
  2347 | D:3      | 2347 ||| UPGRADING to +4 ring of slaying {mikee}.
  2348 | D:3      | 2348 ||| READING scroll labelled HADATZI MUTZIN.
  2449 | D:3      | 2449 ||| READING scroll labelled BOUPIS ICEU.
  2449 | D:3      | 2449 ||| ENCHANTING +0 pair of gloves.
  2450 | D:3      | 2450 ||| READING scroll labelled OTIOTR ASTU.
  2490 | D:4      | 2490 ||| STAIRDANCE
  2515 | D:4      | 2515 ||| STAIRDANCE
  2520 | D:4      | 2520 ||| STAIRDANCE
  2531 | D:4      | 2531 ||| STAIRDANCE
  2560 | D:4      | Found a staircase to the Ecumenical Temple.
  2579 | D:4      | Reached skill level 1 in Armour
  2620 | D:4      | 2620 ||| RETREEEEATING.
  2622 | D:4      | 2622 ||| DRINKING puce potion.
  2623 | D:4      | 2623 ||| DRINKING fuming coppery potion.
  2624 | D:4      | 2624 ||| DRINKING brown potion.
  2625 | D:4      | 2625 ||| DRINKING silvery potion.
  2626 | D:4      | 2626 ||| RETREEEEATING.
  2629 | D:4      | Reached XP level 5. HP: 41/41 MP: 7/7
  2636 | D:4      | Reached skill level 6 in Ranged Weapons
  2725 | D:4      | Reached skill level 3 in Fighting
  2725 | D:4      | Reached XP level 6. HP: 48/51 MP: 8/8
  2799 | D:4      | 2799 ||| DRINKING potion of haste.
  2801 | D:4      | Reached skill level 3 in Dodging
  2862 | D:4      | HP: 9/51 [burnt (6)]
  2887 | D:4      | 2887 ||| FLEEEEING.
  2888 | D:4      | 2888 ||| FLEEEEING.
  2889 | D:4      | 2889 ||| STAIRDANCE
  3181 | D:5      | Entered Level 5 of the Dungeon
  3183 | D:5      | 3183 ||| STAIRDANCE
  3185 | D:5      | 3185 ||| STAIRDANCE
  3235 | D:5      | 3235 ||| RETREEEEATING.
  3236 | D:5      | 3236 ||| RETREEEEATING.
  3237 | D:5      | 3237 ||| RETREEEEATING.
  3245 | D:5      | Reached XP level 7. HP: 46/57 MP: 9/9
  3376 | D:5      | Reached skill level 7 in Ranged Weapons
  3649 | D:5      | 3649 ||| SWAPPING to +0 arbalest.
  3650 | D:5      | 3650 ||| DROPPING +1 shortbow.
  3656 | D:5      | Reached skill level 8 in Ranged Weapons
  3895 | D:5      | 3895 ||| READING scroll of identify.
  3895 | D:5      | 3895 ||| IDENTIFYING fizzy ruby potion
  4127 | D:6      | 4127 ||| READING scroll of enchant armour.
  4127 | D:6      | 4127 ||| ENCHANTING +1 pair of gloves.
  4260 | D:6      | Reached XP level 8. HP: 61/66 MP: 10/10
  4434 | D:6      | 4434 ||| READING scroll of enchant weapon.
  4434 | D:6      | 4434 ||| ENCHANTING +0 arbalest.
  4867 | D:6      | 4867 ||| UPGRADING to amulet of guardian spirit.
  5001 | D:7      | Found a transporter.
  5015 | D:7      | Reached skill level 9 in Ranged Weapons
  5040 | D:7      | 5040 ||| FLEEEEING.
  5041 | D:7      | 5041 ||| FLEEEEING.
  5042 | D:7      | 5042 ||| FLEEEEING.
  5095 | D:7      | Noticed Menkaure
  5097 | D:7      | Killed Menkaure
  5495 | D:7      | 5495 ||| DRINKING 2 smoky clear potions.
  5589 | D:7      | Found a transporter.
  5915 | D:8      | Reached XP level 9. HP: 74/74 MP: 11/11
  5947 | D:8      | 5947 ||| Stepping ~*~*~tactically~*~*~ (cloud).
  6386 | D:8      | 6386 ||| UPGRADING to +3 leather armour.
  6396 | D:8      | 6396 ||| DROPPING +0 ring mail.
  6397 | D:8      | 6397 ||| UPGRADING to +6 ring of strength.
  6481 | D:9      | Reached skill level 10 in Ranged Weapons
  6525 | D:9      | Noticed a two-headed ogre
  6526 | D:9      | 6526 ||| DRINKING 2 potions of haste.
  6532 | D:9      | Killed a two-headed ogre
  6533 | D:9      | Reached skill level 6 in Dodging
  6573 | D:9      | 6573 ||| RETREEEEATING.
  6574 | D:9      | 6574 ||| RETREEEEATING.
  6667 | D:9      | Reached skill level 6 in Fighting
  6803 | D:9      | 6803 ||| READING scroll of enchant armour.
  6803 | D:9      | 6803 ||| ENCHANTING +1 pair of boots.
  7290 | D:9      | 7290 ||| DROPPING ring of wizardry.
  7291 | D:9      | 7291 ||| READING 3 scrolls of identify.
  7291 | D:9      | 7291 ||| IDENTIFYING pink potion
  7292 | D:9      | 7292 ||| READING 2 scrolls of identify.
  7292 | D:9      | 7292 ||| IDENTIFYING 2 smoky orange potions
  7293 | D:9      | 7293 ||| READING scroll of identify.
  7293 | D:9      | 7293 ||| IDENTIFYING 2 yellow potions
  7294 | D:9      | 7294 ||| DROPPING 2 potions of lignification.
  7295 | D:9      | 7295 ||| DROPPING 2 potions of attraction.
  7348 | D:10     | Entered Level 10 of the Dungeon
  7553 | D:10     | Noticed Psyche
  7554 | D:10     | 7554 ||| DRINKING potion of haste.
  7561 | D:10     | 7561 ||| FLEEEEING.
  7562 | D:10     | 7562 ||| FLEEEEING.
  7563 | D:10     | 7563 ||| FLEEEEING.
  7564 | D:10     | 7564 ||| FLEEEEING.
  7565 | D:10     | 7565 ||| FLEEEEING.
  7566 | D:10     | 7566 ||| FLEEEEING.
  7567 | D:10     | 7567 ||| FLEEEEING.
  7568 | D:10     | 7568 ||| FLEEEEING.
  7569 | D:10     | 7569 ||| FLEEEEING.
  7570 | D:10     | 7570 ||| FLEEEEING.
  7571 | D:10     | 7571 ||| FLEEEEING.
  7572 | D:10     | 7572 ||| FLEEEEING.
  7573 | D:10     | 7573 ||| FLEEEEING.
  7574 | D:10     | 7574 ||| FLEEEEING.
  7575 | D:10     | 7575 ||| FLEEEEING.
  7576 | D:10     | 7576 ||| FLEEEEING.
  7577 | D:10     | 7577 ||| FLEEEEING.
  7578 | D:10     | 7578 ||| FLEEEEING.
  7579 | D:10     | 7579 ||| FLEEEEING.
  7580 | D:10     | 7580 ||| FLEEEEING.
  7581 | D:10     | 7581 ||| FLEEEEING.
  7582 | D:10     | 7582 ||| FLEEEEING.
  7583 | D:10     | 7583 ||| FLEEEEING.
  7584 | D:10     | 7584 ||| FLEEEEING.
  7585 | D:10     | 7585 ||| FLEEEEING.
  7586 | D:10     | 7586 ||| FLEEEEING.
  7587 | D:10     | 7587 ||| FLEEEEING.
  7588 | D:10     | 7588 ||| FLEEEEING.
  7589 | D:10     | 7589 ||| FLEEEEING.
  7590 | D:10     | 7590 ||| FLEEEEING.
  7591 | D:10     | 7591 ||| FLEEEEING.
  7592 | D:10     | 7592 ||| FLEEEEING.
  7593 | D:10     | 7593 ||| FLEEEEING.
  7594 | D:10     | 7594 ||| FLEEEEING.
  7595 | D:10     | 7595 ||| FLEEEEING.
  7596 | D:10     | 7596 ||| FLEEEEING.
  7597 | D:10     | 7597 ||| FLEEEEING.
  7598 | D:10     | 7598 ||| FLEEEEING.
  7599 | D:10     | 7599 ||| FLEEEEING.
  7600 | D:10     | 7600 ||| FLEEEEING.
  7601 | D:10     | 7601 ||| FLEEEEING.
  7602 | D:10     | 7602 ||| FLEEEEING.
  7603 | D:10     | 7603 ||| FLEEEEING.
  7604 | D:10     | 7604 ||| FLEEEEING.
  7605 | D:10     | 7605 ||| FLEEEEING.
  7606 | D:10     | 7606 ||| FLEEEEING.
  7607 | D:10     | 7607 ||| FLEEEEING.
  7798 | D:10     | Found a staircase to the Orcish Mines.
  7808 | D:10     | Found a staircase to the Lair.
  7826 | D:10     | Identified the +1 ring mail of Uskayaw's Generosity {rC+
                  | Dex-2 Stlth+}
  7963 | D:10     | Noticed a kobold demonologist
  7969 | D:10     | Killed a kobold demonologist
  7970 | D:10     | Reached skill level 11 in Ranged Weapons
  7970 | D:10     | Reached XP level 10. HP: 83/83 MP: 13/13
  8136 | D:10     | Killed Psyche
  8194 | D:10     | 8194 ||| DROPPING +1 ring mail of Uskayaw's Generosity {rC+
                  | Dex-2 Stlth+}.
  8195 | D:10     | 8195 ||| READING 2 scrolls of identify.
  8195 | D:10     | 8195 ||| IDENTIFYING scroll labelled VESI LI HIFAHY
  8196 | D:10     | 8196 ||| READING scroll of identify.
  8196 | D:10     | 8196 ||| IDENTIFYING scroll labelled NIBARE BOVORU
  8197 | D:10     | 8197 ||| DROPPING scroll of fear.
  8198 | D:10     | 8198 ||| DROPPING scroll of revelation.
  8294 | D:11     | 8294 ||| RETREEEEATING.
  8295 | D:11     | 8295 ||| RETREEEEATING.
  8297 | D:11     | 8297 ||| RETREEEEATING.
  8298 | D:11     | 8298 ||| RETREEEEATING.
  8299 | D:11     | 8299 ||| RETREEEEATING.
  8300 | D:11     | 8300 ||| RETREEEEATING.
  8301 | D:11     | 8301 ||| RETREEEEATING.
  8413 | D:11     | Noticed Fannar
  8414 | D:11     | 8414 ||| ZAPPING wand of quicksilver (5) at -7,-6 (Fannar;
                  | floor).
  8420 | D:11     | Noticed a cyclops
  8421 | D:11     | 8421 ||| RETREEEEATING.
  8422 | D:11     | 8422 ||| RETREEEEATING.
  8423 | D:11     | 8423 ||| RETREEEEATING.
  8424 | D:11     | 8424 ||| RETREEEEATING.
  8425 | D:11     | 8425 ||| RETREEEEATING.
  8426 | D:11     | 8426 ||| RETREEEEATING.
  8427 | D:11     | 8427 ||| RETREEEEATING.
  8428 | D:11     | 8428 ||| RETREEEEATING.
  8429 | D:11     | 8429 ||| ZAPPING wand of quicksilver (4) at -6,-4 (cyclops;
                  | floor).
  8430 | D:11     | 8430 ||| ZAPPING wand of quicksilver (3) at -5,-4 (cyclops;
                  | floor).
  8431 | D:11     | 8431 ||| ZAPPING wand of quicksilver (2) at -4,-3 (cyclops;
                  | floor).
  8432 | D:11     | 8432 ||| ZAPPING wand of quicksilver (1) at -4,-3 (cyclops;
                  | floor).
  8435 | D:11     | 8435 ||| RETREEEEATING.
  8436 | D:11     | 8436 ||| RETREEEEATING.
  8437 | D:11     | 8437 ||| RETREEEEATING.
  8438 | D:11     | 8438 ||| RETREEEEATING.
  8439 | D:11     | 8439 ||| RETREEEEATING.
  8440 | D:11     | 8440 ||| RETREEEEATING.
  8441 | D:11     | 8441 ||| RETREEEEATING.
  8442 | D:11     | 8442 ||| RETREEEEATING.
  8443 | D:11     | 8443 ||| RETREEEEATING.
  8444 | D:11     | 8444 ||| RETREEEEATING.
  8445 | D:11     | 8445 ||| RETREEEEATING.
  8448 | D:11     | 8448 ||| RETREEEEATING.
  8449 | D:11     | 8449 ||| RETREEEEATING.
  8450 | D:11     | 8450 ||| RETREEEEATING.
  8451 | D:11     | 8451 ||| RETREEEEATING.
  8452 | D:11     | 8452 ||| RETREEEEATING.
  8460 | D:11     | Killed a cyclops
  8461 | D:11     | Reached skill level 12 in Ranged Weapons
  8473 | D:11     | HP: 20/83 [Fannar/staff of cold (5)]
  8474 | D:11     | 8474 ||| READING 2 scrolls of teleportation.
  8474 | D:11     | HP: 8/83 [Fannar/bolt of cold (8)]
  8475 | D:11     | 8475 ||| DRINKING 2 potions of heal wounds.
  8685 | D:11     | Killed Fannar
  8987 | D:11     | 8987 ||| PLANNING LAIR
  8987 | D:11     | 8987 ||| UPGRADING to +0 cloak.
  8992 | D:11     | 8992 ||| UPGRADING to +2 robe of cold resistance.
  9002 | D:11     | 9002 ||| READING scroll of identify.
  9002 | D:11     | 9002 ||| IDENTIFYING scroll labelled MIZXAUL WYSSA
  9003 | D:11     | 9003 ||| DROPPING scroll of immolation.
  9081 | Lair:1   | Entered Level 1 of the Lair of Beasts
  9083 | Lair:1   | 9083 ||| STAIRDANCE
  9133 | Lair:1   | 9133 ||| READING scroll of enchant armour.
  9133 | Lair:1   | 9133 ||| ENCHANTING +0 cloak.
  9278 | Lair:1   | 9278 ||| FLEEEEING.
  9686 | Lair:1   | Noticed a catoblepas
  9693 | Lair:1   | 9693 ||| Stepping ~*~*~tactically~*~*~ (cloud).
  9694 | Lair:1   | 9694 ||| Stepping ~*~*~tactically~*~*~ (cloud).
  9695 | Lair:1   | Killed a catoblepas
  9696 | Lair:1   | Reached XP level 11. HP: 82/92 MP: 12/14
  9770 | Lair:1   | Noticed a death yak
  9771 | Lair:1   | 9771 ||| RETREEEEATING.
  9782 | Lair:1   | Killed a death yak
  9783 | Lair:1   | Reached skill level 13 in Ranged Weapons
  9784 | Lair:1   | HP: 18/92 [torpor snail (14)]
  9785 | Lair:1   | 9785 ||| READING 2 scrolls of teleportation.
  9786 | Lair:1   | 9786 ||| DRINKING potion of heal wounds.
 10056 | Lair:1   | 10056 ||| RETREEEEATING.
 10059 | Lair:1   | 10059 ||| RETREEEEATING.
 10061 | Lair:1   | 10061 ||| RETREEEEATING.
 10062 | Lair:1   | 10062 ||| RETREEEEATING.
 10063 | Lair:1   | 10063 ||| RETREEEEATING.
 10064 | Lair:1   | 10064 ||| RETREEEEATING.
 10065 | Lair:1   | 10065 ||| RETREEEEATING.
 10066 | Lair:1   | 10066 ||| RETREEEEATING.
 10067 | Lair:1   | 10067 ||| RETREEEEATING.
 10068 | Lair:1   | 10068 ||| RETREEEEATING.
 10069 | Lair:1   | 10069 ||| RETREEEEATING.
 10070 | Lair:1   | 10070 ||| RETREEEEATING.
 10071 | Lair:1   | 10071 ||| RETREEEEATING.
 10072 | Lair:1   | 10072 ||| RETREEEEATING.
 10073 | Lair:1   | 10073 ||| RETREEEEATING.
 10074 | Lair:1   | 10074 ||| RETREEEEATING.
 10076 | Lair:1   | 10076 ||| RETREEEEATING.
 10086 | Lair:1   | Reached skill level 9 in Dodging
 10091 | Lair:1   | 10091 ||| RETREEEEATING.
 10095 | Lair:1   | 10095 ||| RETREEEEATING.
 10096 | Lair:1   | 10096 ||| RETREEEEATING.
 10097 | Lair:1   | 10097 ||| RETREEEEATING.
 10098 | Lair:1   | 10098 ||| RETREEEEATING.
 10099 | Lair:1   | 10099 ||| RETREEEEATING.
 10100 | Lair:1   | 10100 ||| RETREEEEATING.
 10366 | Lair:2   | Noticed a skyshark
 10367 | Lair:2   | 10367 ||| RETREEEEATING.
 10368 | Lair:2   | 10368 ||| RETREEEEATING.
 10370 | Lair:2   | 10370 ||| RETREEEEATING.
 10371 | Lair:2   | 10371 ||| RETREEEEATING.
 10372 | Lair:2   | 10372 ||| RETREEEEATING.
 10373 | Lair:2   | 10373 ||| RETREEEEATING.
 10374 | Lair:2   | 10374 ||| RETREEEEATING.
 10381 | Lair:2   | HP: 22/94 [cane toad (13)]
 10382 | Lair:2   | 10382 ||| READING scroll of teleportation.
 10460 | Lair:2   | Killed a skyshark
 10591 | Lair:2   | Found a hole to the Spider Nest.
 10596 | Lair:2   | 10596 ||| RETREEEEATING.
 10597 | Lair:2   | 10597 ||| RETREEEEATING.
 10599 | Lair:2   | 10599 ||| RETREEEEATING.
 10600 | Lair:2   | 10600 ||| RETREEEEATING.
 10601 | Lair:2   | 10601 ||| RETREEEEATING.
 10602 | Lair:2   | 10602 ||| RETREEEEATING.
 10603 | Lair:2   | 10603 ||| RETREEEEATING.
 10605 | Lair:2   | 10605 ||| RETREEEEATING.
 10606 | Lair:2   | 10606 ||| RETREEEEATING.
 10607 | Lair:2   | 10607 ||| RETREEEEATING.
 10612 | Lair:2   | 10612 ||| RETREEEEATING.
 10613 | Lair:2   | 10613 ||| RETREEEEATING.
 10614 | Lair:2   | 10614 ||| RETREEEEATING.
 10615 | Lair:2   | 10615 ||| RETREEEEATING.
 10616 | Lair:2   | 10616 ||| RETREEEEATING.
 10617 | Lair:2   | 10617 ||| RETREEEEATING.
 10618 | Lair:2   | 10618 ||| RETREEEEATING.
 10619 | Lair:2   | 10619 ||| RETREEEEATING.
 10628 | Lair:2   | 10628 ||| RETREEEEATING.
 10629 | Lair:2   | 10629 ||| RETREEEEATING.
 10630 | Lair:2   | HP: 23/94 [yak (5)]
 10817 | Lair:2   | Reached skill level 14 in Ranged Weapons
 10823 | Lair:2   | Noticed a skyshark
 10831 | Lair:2   | Killed a skyshark
 10905 | Lair:2   | Noticed a four-headed hydra
 10910 | Lair:2   | Killed a four-headed hydra
 10923 | Lair:2   | 10923 ||| RETREEEEATING.
 10928 | Lair:2   | 10928 ||| RETREEEEATING.
 10932 | Lair:2   | 10932 ||| RETREEEEATING.
 10935 | Lair:2   | 10935 ||| RETREEEEATING.
 10937 | Lair:2   | 10937 ||| RETREEEEATING.
 10938 | Lair:2   | 10938 ||| RETREEEEATING.
 10939 | Lair:2   | 10939 ||| RETREEEEATING.
 10940 | Lair:2   | 10940 ||| RETREEEEATING.
 10962 | Lair:2   | Reached XP level 12. HP: 70/101 MP: 10/15
 11193 | Lair:2   | 11193 ||| RETREEEEATING.
 11194 | Lair:2   | 11194 ||| RETREEEEATING.
 11310 | Lair:2   | Reached skill level 15 in Ranged Weapons
 11675 | Lair:2   | 11675 ||| UPGRADING to ring of protection from fire.
 11677 | Lair:2   | 11677 ||| DROPPING +6 ring of intelligence.
 11705 | Lair:3   | Noticed Gastronok
 11710 | Lair:3   | HP: 23/103 [Gastronok/the air (23)]
 11711 | Lair:3   | 11711 ||| READING scroll of teleportation.
 11717 | Lair:3   | HP: 24/103 [elephant (2)]
 11718 | Lair:3   | Noticed an eight-headed hydra
 11721 | Lair:3   | Reached skill level 9 in Fighting
 11725 | Lair:3   | HP: 20/104 [elephant (7)]
 11734 | Lair:3   | HP: 15/104 [eight-headed hydra (9)]
 11735 | Lair:3   | Noticed a six-headed hydra
 11737 | Lair:3   | HP: 4/104 [eight-headed hydra (5)]
 11737 | Lair:3   | Mangled by an eight-headed hydra

Levels and vault maps discovered:
D:1:      shiori_arrival_maze, layout_basic,
          shapermc_ecumenical_altar_mp_ritualfount
D:2:      layout_basic, uniq_terence
D:3:      layout_basic, serial_shops, nicolae_book_shop_shelving,
          gup_sewer_entry_bubbles
D:4:      layout_basic, yredelemnul_forgotten_temple_becter,
          minmay_temple_entry_steel_oval
D:5:      layout_loops_ring, nicolae_overflow_hidden_temple,
          serial_library_hellmonk_reading_circle
D:6:      layout_loops_corners
D:7:      gammafunk_steamed_eel, layout_basic, nicolae_ru_path_of_blood,
          hangedman_glass_teeth, nicolae_zig_zag_zippers, uniq_menkaure
D:8:      layout_loops_ring, kennysheep_mini, minmay_gold_behind_fungi
D:9:      layout_loops_corners, nicolae_vehumet_radiance
D:10:     layout_roguey, mainiacjoe_overflow_boulevard, lemuel_doored_altar,
          lair_entry_dummy, uniq_psyche
D:11:     layout_big_octagon, kennysheep_big_empty_room, minmay_crystal_room,
          uniq_fannar
Lair:1:   layout_cave_pods, beast_lair_carwin_9
Lair:2:   layout_hall_layers, nicolae_spider_entry_non_spiders,
          grunt_megastairs_1
Lair:3:   layout_gridlike, mainiacjoe_shoals_entry_four_pools,
          maelrawn_ghost_gauntlet_escape, serial_bayou_shore_b, uniq_gastronok

Skill      XL: |  1  2  3  4  5  6  7  8  9 10 11 12 |
---------------+-------------------------------------+-----
Ranged Weapons | 4 5 6 8 9 11 12 14 15 | 15.1
Fighting       | 2 3 4 5 6 7 8 9 |  9.0
Dodging        | 2 3 4 6 8 9 10 | 10.3
Armour         | 1 2 |  2.0
Stealth        | |  0.8

Action                     |  1- 3 |  4- 6 |  7- 9 | 10-12 || total
---------------------------+-------+-------+-------+-------++-------
   Fire: Shortbow          |   124 |   129 |    37 |       ||   290
         Arbalest          |       |       |   200 |   413 ||   613
  Evoke: Wand              |       |       |       |     5 ||     5
    Use: Scroll            |     7 |     3 |     7 |     8 ||    25
         Potion            |       |     5 |     3 |     2 ||    10
 Armour: Leather armour    |    19 |     2 |    16 |    39 ||    76
         Ring mail         |       |    38 |    44 |       ||    82
         Robe              |       |       |       |   126 ||   126
  Dodge: Dodged            |    27 |    38 |    90 |   309 ||   464

Table legend:
 A = Non-vault XP
 B = Vault XP
 C = Vault XP percentage of total XP
 D = Non-vault monster count
 E = Vault monster count
 F = Vault count percentage of total count
                 A         B        C        D         E       F
            +---------+---------+-------+---------+---------+-------
      Total |   28519 |    5478 |  16.1 |     246 |      37 |  13.1
            +---------+---------+-------+---------+---------+-------
        D:1 |      12 |       4 |  25.0 |       9 |       2 |  18.2
        D:2 |      50 |      36 |  41.9 |      23 |       1 |   4.2
        D:3 |      49 |      22 |  31.0 |      19 |       7 |  26.9
        D:4 |     408 |     103 |  20.2 |      26 |       2 |   7.1
        D:5 |     673 |       0 |   0.0 |      15 |       0 |   0.0
        D:6 |     517 |       0 |   0.0 |      20 |       0 |   0.0
        D:7 |    1156 |     172 |  13.0 |      24 |       1 |   4.0
        D:8 |     520 |       0 |   0.0 |       6 |       0 |   0.0
        D:9 |    2147 |       0 |   0.0 |      17 |       0 |   0.0
       D:10 |    1326 |     353 |  21.0 |      16 |       1 |   5.9
       D:11 |    1892 |     855 |  31.1 |       8 |       1 |  11.1
     Lair:1 |    6106 |    2197 |  26.5 |      23 |       7 |  23.3
     Lair:2 |   12075 |    1736 |  12.6 |      36 |      15 |  29.4
     Lair:3 |    1588 |       0 |   0.0 |       4 |       0 |   0.0
            +---------+---------+-------+---------+---------+-------
